AoeStats
← ThePromise87

Arena

508755492Analyzed
4v4 RM · 8d ago on Sep 23, 2026· 48m 12s· 8 players
Game mode
Random Map
Map size
Large (8 player)
Population
200
Speed
Normal
Resources
Standard
Victory
Conquest
Starting age
Dark Age
Ending age
Imperial Age
RankedLock teamsTeams togetherTeam positionsShared explorationLock speedFull tech treeHidden civsTurbo modeCheats
Victory
Defeat
🇺🇸 Saxons · United States
1227
+10
🇺🇸 Varangians · United States
1213
+11
🇺🇸 Danes · United States
1210
+11
🇺🇸 Goths · United States
1127
+14
🇦🇩 Franks · Andorra
1174
-14
🇬🇧 Persians · United Kingdom
1108
-12
🇹🇷 Turks · Türkiye
1079
-11
🇦🇷 Bohemians · Argentina
1032
-9
egemenbeder
10:21 Feudal Age
14:00 Castle Age
11:51 Double-Bit Axe
12:11 Horse Collar
19:31 Loom
20:21 Wheelbarrow
19:32 Town Watch
20:09 Bow Saw
22:00 Heavy Plow
21:56 Gold Mining
21:56 Stone Mining
22:17 Scale Barding Armor
22:23 Forging
23:20 Chain Barding Armor
23:39 Husbandry
23:49 Bloodlines
24:33 Iron Casting
25:19 Hand Cart
34:05 Imperial Age
35:11 Conscription
35:36 Plate Barding Armor
36:02 Blast Furnace
35:12 Cavalier
36:49 Fletching
37:00 Padded Archer Armor
38:25 Ballistics
39:05 Chemistry
38:01 Murder Holes
38:17 Masonry
39:00 Bodkin Arrow
38:27 Elite Skirmisher
39:12 Thumb Ring
39:54 Leather Archer Armor
42:09 Ring Archer Armor
43:26 Architecture
42:44 Savar
_Samurai_
11:19 Feudal Age
13:19 Loom
15:51 Castle Age
13:58 Double-Bit Axe
19:24 Bow Saw
24:14 Gold Mining
28:25 Imperial Age
27:16 Gold Shaft Mining
28:31 Wheelbarrow
28:21 Town Watch
30:33 Fortified Wall
31:25 Chemistry
30:46 Ballistics
31:12 Hand Cart
31:11 Scale Mail Armor
31:21 Forging
32:30 Chivalry
32:51 Conscription
32:38 Scale Barding Armor
32:05 Cavalier
32:46 Husbandry
33:23 Iron Casting
33:19 Stone Mining
33:27 Paladin
37:19 Chain Barding Armor
37:59 Blast Furnace
39:27 Elite Throwing Axeman
42:05 Chain Mail Armor
42:25 Plate Barding Armor
43:43 Plate Mail Armor
44:02 Padded Archer Armor
44:30 Fletching
Mr.Ce
1:52 Loom
12:29 Feudal Age
12:52 Horse Collar
13:08 Double-Bit Axe
15:43 Loom
18:24 Castle Age
17:41 Loom
20:16 Wheelbarrow
19:48 Heavy Plow
20:01 Bow Saw
20:12 Fervor
24:14 Fortified Wall
24:57 Hand Cart
27:35 Town Watch
31:50 Imperial Age
31:27 Chemistry
35:17 Padded Archer Armor
35:28 Forging
36:57 Masonry
39:01 Pikeman
39:59 Leather Archer Armor
40:19 Iron Casting
40:22 Halberdier
43:26 Two-Man Saw
42:29 Arson
42:44 Squires
43:35 Fletching
44:19 Ring Archer Armor
47:37 Wagenburg Tactics
mbe6161
0:26 Loom
9:26 Feudal Age
12:42 Wheelbarrow
15:48 Horse Collar
18:59 Castle Age
16:54 Double-Bit Axe
17:26 Stone Mining
17:38 Gold Mining
Ryan G0sIing
9:53 Loom
11:38 Feudal Age
14:41 Loom
17:16 Castle Age
15:13 Horse Collar
15:38 Double-Bit Axe
18:35 Heavy Plow
18:51 Bow Saw
25:02 Wheelbarrow
27:50 Hand Cart
31:28 Imperial Age
30:03 Scale Mail Armor
30:01 Gold Mining
30:04 Stone Mining
30:46 Forging
31:01 Squires
30:47 Arson
31:49 Chain Mail Armor
32:31 Gold Shaft Mining
32:31 Conscription
32:54 Iron Casting
32:09 Town Watch
33:19 Plate Mail Armor
34:49 Blast Furnace
34:11 Hamask
34:24 Elite Jomsviking
39:41 Stone Shaft Mining
40:48 Fletching
40:23 Elite Skirmisher
41:10 Thumb Ring
41:29 Ballistics
42:21 Chemistry
42:05 Bodkin Arrow
42:13 Padded Archer Armor
43:39 Bracer
43:56 Leather Archer Armor
46:55 Ring Archer Armor
CoolDude0p0
0:32 Loom
10:45 Feudal Age
16:07 Castle Age
14:38 Double-Bit Axe
15:21 Horse Collar
17:07 Heavy Plow
27:31 Loom
30:16 Forging
30:49 Scale Mail Armor
32:24 Wheelbarrow
32:02 Bow Saw
37:31 Imperial Age
36:34 Chain Mail Armor
36:54 Iron Casting
38:03 Hand Cart
37:56 Pikeman
39:29 Conscription
39:46 Anarchy
41:38 Crop Rotation
41:55 Perfusion
42:17 Conscription
42:15 Squires
42:00 Elite Huskarl
42:42 Gold Mining
44:33 Blast Furnace
ADOBO x PRODIGY
11:48 Feudal Age
13:07 Wheelbarrow
16:03 Castle Age
14:16 Double-Bit Axe
15:30 Gold Mining
15:28 Horse Collar
17:15 Bow Saw
21:30 Stone Mining
21:29 Loom
21:35 Town Watch
28:53 Imperial Age
26:44 Forging
27:17 Fletching
27:35 Scale Barding Armor
28:49 Iron Casting
29:00 Stone Shaft Mining
32:24 Blast Furnace
32:41 Bloodlines
32:32 Husbandry
34:01 Masonry
34:02 Fortified Wall
35:29 Conscription
35:52 Light Cavalry
38:48 Elite Jarl
44:14 Ballistics
44:18 Hussar
ThePromise87
10:59 Feudal Age
11:47 Double-Bit Axe
12:15 Horse Collar
14:35 Castle Age
14:25 Scale Mail Armor
18:20 Arson
19:22 Chain Mail Armor
19:51 Gambesons
24:17 Wheelbarrow
25:47 Bow Saw
29:02 Heavy Plow
29:49 Hand Cart
31:44 Loom
32:37 Gold Mining
32:37 Stone Mining
32:38 Gold Mining
35:29 Gold Shaft Mining
35:20 Fortified Wall
39:10 Imperial Age
36:26 Loom
36:39 Treadmill Crane
37:41 Forging
37:33 Squires
38:33 Masonry
39:23 Iron Casting
39:36 Ballistics
39:10 Fletching
39:13 Elite Varangian Guard
39:15 Shield Wall
40:16 Conscription
39:22 Capped Ram
40:02 Pikeman
41:09 Siege Ram
41:30 Halberdier
45:41 Chemistry
44:47 Siege Engineers
45:14 Architecture
45:46 Plate Mail Armor
45:13 Bodkin Arrow
45:25 Guard Tower
45:30 Murder Holes
45:46 Arrowslits
45:57 Murder Holes
46:23 Guilds
Connection lost

Rejoining the realm…

Still unreachable

The connection could not be restored.

Session expired

The server has moved on; the page needs a fresh start.